SL
BROOKLYN DODGERS @ OAKLAND OAKS
05/17/2023
 
TOP OF THE 1ST
Brooklyn Dodgers batting - Pitching for Oakland Oaks : RHP Kent Clement
Pitching: RHP Kent Clement
Batting: RHB Gustavo Mateo 0-0: Swinging Strike
0-1: Foul Ball, location: 2F
0-2: Ball
1-2: Fly out, F9 (Popup, 89S)
Batting: LHB Kelly Brown 0-0: Ball
1-0: Ball
2-0: Called Strike
2-1: Ground out 1-3 (Groundball, 15)
Batting: RHB Jorge Torrez 0-0: Ball
1-0: Called Strike
1-1: SINGLE (Groundball, 34D) (infield hit)
Batting: RHB Thom Wilcox 0-0: Called Strike
0-1: Ball
1-1: Foul Ball, location: 2F
1-2: Ball
Jorge Torrez is caught stealing 2nd base
Top of the 1st over - 0 run(s), 1 hit(s), 0 error(s), 0 left on base; Brooklyn 0 - Oakland 0
BOTTOM OF THE 1ST
Oakland Oaks batting - Pitching for Brooklyn Dodgers : RHP Alberto García
Pitching: RHP Alberto García
Batting: RHB Dave Henderson 0-0: Swinging Strike
0-1: Foul Ball, location: 2F
0-2: Ball
1-2: Fly out, F9 (Flyball, 9S)
Batting: LHB Edwin Church 0-0: Ball
1-0: Ball
2-0: DOUBLE (Flyball, 8RXD)
Batting: LHB Todd Henry 0-0: Foul Ball, location: 2F
0-1: Foul Ball, location: 2F
0-2: Foul Ball, location: 2F
0-2: Strikes out swinging
Batting: LHB Jesús Quintanilla 0-0: SINGLE (Groundball, 4MD)
Edwin Church to third
Runner from 3rd tries for Home, SAFE, no throw or cutoff
Batting: RHB Gabriel Maldonado 0-0: Ball
1-0: Ball
2-0: Called Strike
2-1: Ball
Jesús Quintanilla is caught stealing 2nd base
Bottom of the 1st over - 1 run(s), 2 hit(s), 0 error(s), 0 left on base; Brooklyn 0 - Oakland 1
TOP OF THE 2ND
Brooklyn Dodgers batting - Pitching for Oakland Oaks : RHP Kent Clement
Batting: RHB Thom Wilcox 0-0: Ball
1-0: Ball
2-0: Foul Ball, location: 2F
2-1: Fly out, F6 (Popup, 6S)
Batting: LHB Ron Bascombe 0-0: Ball
1-0: Called Strike
1-1: Ball
2-1: Foul Ball, location: 2F
2-2: Ball
3-2: Foul Ball, location: 2F
3-2: Ground out 6-3 (Groundball, 6)
Batting: RHB Luis Rivas 0-0: Ball
1-0: Ball
2-0: Called Strike
2-1: DOUBLE (Line Drive, 7LS)
Batting: RHB Miguel Vidro 0-0: Called Strike
0-1: Ball
1-1: SINGLE (Line Drive, 6M)
Luis Rivas to third
Runner from 3rd tries for Home, SAFE, no throw or cutoff
Batting: RHB Pedro Torrez 0-0: Called Strike
0-1: SINGLE (Line Drive, 6D)
Miguel Vidro to second
Batting: SHB Raymond Bright 0-0: Ball
1-0: Ball
2-0: Fly out, F5 (Popup, 5L)
Top of the 2nd over - 1 run(s), 3 hit(s), 0 error(s), 2 left on base; Brooklyn 1 - Oakland 1
BOTTOM OF THE 2ND
Oakland Oaks batting - Pitching for Brooklyn Dodgers : RHP Alberto García
Batting: RHB Gabriel Maldonado 0-0: Called Strike
0-1: Swinging Strike
0-2: Foul Ball, location: 2F
0-2: SINGLE (Line Drive, 8LS)
Batting: LHB Johnny Hernández 0-0: Called Strike
0-1: Ball
Wild Pitch!
Gabriel Maldonado to second
1-1: Foul Ball, location: 2F
1-2: Ball
2-2: Ball
3-2: Base on Balls
Batting: SHB John Allen 0-0: Ball
1-0: Ball
2-0: Swinging Strike
2-1: Ball
3-1: Base on Balls
Gabriel Maldonado to third
Johnny Hernández to second
Batting: LHB Ron Frazier 0-0: Foul Ball, location: 2F
0-1: Ball
1-1: Foul Ball, location: 2F
1-2: Strikes out swinging
Batting: RHB Rafael Durango 0-0: Ball
1-0: Called Strike
1-1: Grounds into double play, 6-4-3 (Groundball, 6M)
Bottom of the 2nd over - 0 run(s), 1 hit(s), 0 error(s), 2 left on base; Brooklyn 1 - Oakland 1
TOP OF THE 3RD
Brooklyn Dodgers batting - Pitching for Oakland Oaks : RHP Kent Clement
Batting: RHB Gustavo Mateo 0-0: Ball
1-0: Ball
2-0: Ball
3-0: Called Strike
3-1: Base on Balls
Batting: LHB Kelly Brown 0-0: Swinging Strike
0-1: Ball
1-1: Foul Ball, location: 2F
1-2: Foul Ball, location: 2F
1-2: Ball
2-2: Strikes out swinging
Batting: RHB Jorge Torrez 0-0: Called Strike
Gustavo Mateo steals 2nd base
0-1: Ball
1-1: Ball
2-1: Ground out 6-3 (Groundball, 6MS)
Gustavo Mateo to third
Batting: RHB Thom Wilcox 0-0: Foul Ball, location: 2F
0-1: Ball
1-1: Called Strike
1-2: Ball
2-2: Foul Ball, location: 2F
2-2: Strikes out swinging
Top of the 3rd over - 0 run(s), 0 hit(s), 0 error(s), 1 left on base; Brooklyn 1 - Oakland 1
BOTTOM OF THE 3RD
Oakland Oaks batting - Pitching for Brooklyn Dodgers : RHP Alberto García
Batting: RHB Dave Henderson 0-0: Ball
1-0: Ball
2-0: Ground out 5-3 (Groundball, 56S)
Batting: LHB Edwin Church 0-0: Ball
1-0: Ball
2-0: Called Strike
2-1: Called Strike
2-2: DOUBLE (Line Drive, 9D)
Batting: LHB Todd Henry 0-0: Called Strike
0-1: Ball
1-1: Swinging Strike
1-2: Ball
2-2: Ball
3-2: Base on Balls
Batting: LHB Jesús Quintanilla 0-0: Ball
1-0: Called Strike
1-1: Called Strike
1-2: Ball
2-2: Fly out, F6 (Line Drive, 6)
Batting: RHB Gabriel Maldonado 0-0: Fly out, F7 (Popup, 56D)
Bottom of the 3rd over - 0 run(s), 1 hit(s), 0 error(s), 2 left on base; Brooklyn 1 - Oakland 1
TOP OF THE 4TH
Brooklyn Dodgers batting - Pitching for Oakland Oaks : RHP Kent Clement
Batting: LHB Ron Bascombe 0-0: Ball
1-0: Called Strike
1-1: Called Strike
1-2: Strikes out swinging
Batting: RHB Luis Rivas 0-0: Ball
1-0: Called Strike
1-1: Foul Ball, location: 2F
1-2: Ball
2-2: Ball
3-2: Foul Ball, location: 2F
3-2: SOLO HOME RUN (Line Drive, 7LD), Distance : 426 ft
Batting: RHB Miguel Vidro 0-0: Ball
1-0: Called Strike
1-1: Foul Ball, location: 2F
1-2: Foul Ball, location: 2F
1-2: Ball
2-2: Ball
3-2: Base on Balls
Batting: RHB Pedro Torrez 0-0: Called Strike
0-1: Ball
1-1: Ball
2-1: Foul Ball, location: 2F
2-2: Foul Ball, location: 2F
2-2: Foul Ball, location: 2F
2-2: SINGLE (Line Drive, 56)
Miguel Vidro to second
Pitching: LHP John Keller
Batting: SHB Raymond Bright 0-0: Ball
1-0: Called Strike
1-1: Ball
2-1: Ground out 6-3 (Groundball, 56D)
Miguel Vidro to third
Pedro Torrez to second
Batting: RHB Gustavo Mateo 0-0: Called Strike
0-1: Foul Ball, location: 2F
0-2: Foul Ball, location: 2F
0-2: DOUBLE (Flyball, 8RXD)
Miguel Vidro scores
Pedro Torrez scores
Batting: LHB Kelly Brown 0-0: Ball
1-0: Called Strike
1-1: SINGLE (Flyball, 7S)
Gustavo Mateo to third
Runner from 3rd tries for Home, SAFE, throw made home
Batting: RHB Jorge Torrez 0-0: Swinging Strike
0-1: Ball
1-1: Ball
2-1: Foul Ball, location: 2F
2-2: Foul Ball, location: 2F
2-2: Ball
3-2: Foul Ball, location: 2F
3-2: Strikes out swinging
Top of the 4th over - 4 run(s), 4 hit(s), 0 error(s), 1 left on base; Brooklyn 5 - Oakland 1
BOTTOM OF THE 4TH
Oakland Oaks batting - Pitching for Brooklyn Dodgers : RHP Alberto García
Batting: LHB Johnny Hernández 0-0: DOUBLE (Line Drive, 3L)
Batting: SHB John Allen 0-0: SINGLE (Groundball, 34D)
Johnny Hernández to third
Runner from 3rd tries for Home, SAFE, no throw or cutoff
Batting: LHB Ron Frazier 0-0: Ball
1-0: Foul Ball, location: 2F
1-1: Swinging Strike
1-2: Ball
2-2: DOUBLE (Line Drive, 9LS)
John Allen to third
Batting: RHB Rafael Durango 0-0: Ball
1-0: SINGLE (Flyball, 8LS)
John Allen scores
Ron Frazier to third
Runner from 3rd tries for Home, SAFE, no throw or cutoff
Batting: RHB Dave Henderson 0-0: Ball
1-0: Called Strike
1-1: Ball
2-1: Ball
3-1: Foul Ball, location: 2F
3-2: Ground out 5-3 (Groundball, 5S)
Rafael Durango to second
Pitching: LHP Leon Robinson
Batting: LHB Edwin Church 0-0: Called Strike
0-1: Foul Ball, location: 2F
0-2: Foul Ball, location: 2F
0-2: Foul Ball, location: 2F
0-2: Ball
1-2: Fly out, F6 (Popup, 5)
Batting: LHB Todd Henry 0-0: Ball
1-0: Ball
2-0: Foul Ball, location: 2F
2-1: Foul Ball, location: 2F
2-2: Strikes out looking
Bottom of the 4th over - 3 run(s), 4 hit(s), 0 error(s), 1 left on base; Brooklyn 5 - Oakland 4
TOP OF THE 5TH
Brooklyn Dodgers batting - Pitching for Oakland Oaks : LHP John Keller
Batting: RHB Thom Wilcox 0-0: Ground out 5-3 (Groundball, 56)
Batting: LHB Ron Bascombe 0-0: Hit by Pitch
Batting: RHB Luis Rivas 0-0: Ball
1-0: Ball
2-0: Called Strike
2-1: Foul Ball, location: 2F
2-2: DOUBLE (Line Drive, 7LM)
Ron Bascombe to third
Runner from 3rd tries for Home, SAFE, throw made home
Batting: RHB Miguel Vidro 0-0: Ball
1-0: Foul Ball, location: 2F
1-1: Called Strike
1-2: Ball
2-2: Ball
3-2: Fly out, F9 (Flyball, 89S)
Batting: RHB Pedro Torrez 0-0: Ball
1-0: Called Strike
1-1: Foul Ball, location: 2F
1-2: Ball
2-2: Ball
3-2: Foul Ball, location: 2F
3-2: Foul Ball, location: 2F
3-2: Ground out 6-3 (Groundball, 6)
Top of the 5th over - 1 run(s), 1 hit(s), 0 error(s), 1 left on base; Brooklyn 6 - Oakland 4
BOTTOM OF THE 5TH
Oakland Oaks batting - Pitching for Brooklyn Dodgers : LHP Leon Robinson
Batting: LHB Jesús Quintanilla 0-0: Ball
1-0: Swinging Strike
1-1: Fly out, F6 (Popup, 56D)
Batting: RHB Gabriel Maldonado 0-0: Ball
1-0: Ground out 6-3 (Groundball, 6M)
Batting: LHB Johnny Hernández 0-0: Ball
1-0: Ball
2-0: Fly out, F8 (Flyball, 8LS)
Bottom of the 5th over - 0 run(s), 0 hit(s), 0 error(s), 0 left on base; Brooklyn 6 - Oakland 4
TOP OF THE 6TH
Brooklyn Dodgers batting - Pitching for Oakland Oaks : LHP John Keller
Pitching: RHP José Caballero
Batting: SHB Raymond Bright 0-0: Foul Ball, location: 2F
0-1: SINGLE (Line Drive, 34D)
Batting: RHB Gustavo Mateo 0-0: Sac Bunt - play at first, batter OUT! 1-3
Raymond Bright to second
Batting: LHB Kelly Brown 0-0: Ground out 4-3 (Groundball, 4)
Raymond Bright to third
Batting: RHB Jorge Torrez 0-0: Ball
1-0: Swinging Strike
1-1: Swinging Strike
1-2: Strikes out swinging
Top of the 6th over - 0 run(s), 1 hit(s), 0 error(s), 1 left on base; Brooklyn 6 - Oakland 4
BOTTOM OF THE 6TH
Oakland Oaks batting - Pitching for Brooklyn Dodgers : LHP Leon Robinson
Batting: SHB John Allen 0-0: Called Strike
0-1: SOLO HOME RUN (Flyball, 78XD), Distance : 438 ft
Batting: LHB Ron Frazier 0-0: Ball
1-0: SINGLE (Line Drive, 4M)
Batting: RHB Rafael Durango 0-0: Ball
1-0: Swinging Strike
1-1: Ball
2-1: Foul Ball, location: 2F
2-2: Hit by Pitch
Ron Frazier to second
Batting: RHB Dave Henderson 0-0: Ball
1-0: Ball
2-0: Ball
3-0: Base on Balls
Ron Frazier to third
Rafael Durango to second
Batting: LHB Edwin Church 0-0: Ball
1-0: Fly out, F7 (Line Drive, 78M)
Runner from 3rd tags up, SCORES, no throw
Batting: LHB Todd Henry 0-0: Ball
1-0: Ball
2-0: Fielders Choice at 2nd, 1-6 (Groundball, 23)
Rafael Durango to third
Batting: LHB Jesús Quintanilla 0-0: Ball
1-0: Foul Ball, location: 2F
1-1: SINGLE (Line Drive, 89M)
Rafael Durango scores
Todd Henry to second
Pitching: RHP Henry Hart
Pinch Runner at 2nd Francisco Torres:
Batting: RHB Gabriel Maldonado 0-0: Called Strike
0-1: Foul Ball, location: 2F
0-2: Ball
1-2: Fly out, F9 (Flyball, 9S)
Bottom of the 6th over - 3 run(s), 3 hit(s), 0 error(s), 2 left on base; Brooklyn 6 - Oakland 7
TOP OF THE 7TH
Brooklyn Dodgers batting - Pitching for Oakland Oaks : RHP José Caballero
Now in RF: Francisco Torres
Batting: RHB Thom Wilcox 0-0: Ball
1-0: Swinging Strike
1-1: Ball
2-1: Ball
3-1: Called Strike
3-2: Base on Balls
Batting: LHB Ron Bascombe 0-0: Ball
1-0: Foul Ball, location: 2F
1-1: Called Strike
1-2: Grounds into double play, 4-6-3 (Groundball, 4)
Batting: RHB Luis Rivas 0-0: Called Strike
0-1: Foul Ball, location: 2F
0-2: Ball
1-2: Ball
2-2: Foul Ball, location: 2F
2-2: Strikes out swinging
Top of the 7th over - 0 run(s), 0 hit(s), 0 error(s), 0 left on base; Brooklyn 6 - Oakland 7
BOTTOM OF THE 7TH
Oakland Oaks batting - Pitching for Brooklyn Dodgers : RHP Henry Hart
Batting: LHB Johnny Hernández 0-0: Ball
1-0: Ball
2-0: Ball
3-0: Base on Balls
Batting: SHB John Allen 0-0: Sac Bunt - play at first, batter OUT! 1-3
Johnny Hernández to second
Batting: LHB Ron Frazier 0-0: Intentional Walk
Batting: RHB Rafael Durango 0-0: Called Strike
0-1: Ball
1-1: Ball
2-1: Grounds into double play, U6-3 (Groundball, 6)
Bottom of the 7th over - 0 run(s), 0 hit(s), 0 error(s), 1 left on base; Brooklyn 6 - Oakland 7
TOP OF THE 8TH
Brooklyn Dodgers batting - Pitching for Oakland Oaks : RHP José Caballero
Batting: RHB Miguel Vidro 0-0: Called Strike
0-1: Ground out 4-3 (Groundball, 4)
Batting: RHB Pedro Torrez 0-0: Ball
1-0: Called Strike
1-1: Called Strike
1-2: Ball
2-2: Ground out 6-3 (Groundball, 6)
Batting: SHB Raymond Bright 0-0: Ground out U3 (Groundball, 3)
Top of the 8th over - 0 run(s), 0 hit(s), 0 error(s), 0 left on base; Brooklyn 6 - Oakland 7
BOTTOM OF THE 8TH
Oakland Oaks batting - Pitching for Brooklyn Dodgers : RHP Henry Hart
Batting: RHB Dave Henderson 0-0: Ball
1-0: Called Strike
1-1: Ball
2-1: Foul Ball, location: 2F
2-2: Strikes out swinging
Batting: LHB Edwin Church 0-0: Ball
1-0: Ball
2-0: Ball
3-0: Base on Balls
Pinch Hitting: SHB Brian Ray 0-0: Called Strike
0-1: Ball
1-1: Foul Ball, location: 2F
1-2: 2-RUN HOME RUN (Flyball, 8RXD), Distance : 434 ft
Pitching: RHP Barry Jones
Batting: LHB Jesús Quintanilla 0-0: Ball
1-0: Fly out, F6 (Popup, 56)
Batting: RHB Gabriel Maldonado 0-0: Ball
1-0: Foul Ball, location: 2F
1-1: Reached on error, E5 (Groundball, 56)
Batting: LHB Johnny Hernández 0-0: Ball
1-0: Ball
2-0: Called Strike
2-1: Ball
3-1: Called Strike
3-2: Ground out U3 (Groundball, 3)
Bottom of the 8th over - 2 run(s), 1 hit(s), 1 error(s), 1 left on base; Brooklyn 6 - Oakland 9
TOP OF THE 9TH
Brooklyn Dodgers batting - Pitching for Oakland Oaks : RHP José Caballero
Pitching: RHP Tony Hernández
Now in RF: Randy Daugherty
Batting: RHB Gustavo Mateo 0-0: Called Strike
0-1: Called Strike
0-2: Strikes out looking
Batting: LHB Kelly Brown 0-0: Called Strike
0-1: Ball
1-1: Ball
2-1: Fly out, F5 (Popup, 5SF)
Batting: RHB Jorge Torrez 0-0: Called Strike
0-1: Ground out 6-3 (Groundball, 6)
Top of the 9th over - 0 run(s), 0 hit(s), 0 error(s), 0 left on base; Brooklyn 6 - Oakland 9
This league is powered by Out of the Park Baseball, the baseball management simulation game for PC, Mac and Linux
Friday, July 8th, 2016 - OOTP Baseball 16.9 Build 39